 Dungeon Crawl Stone Soup version 0.29.0-7-g18a832c13a (webtiles) character file.

Game seed: 8402799092948820512

310 SnakkuSnakku7 the Insei (level 6, 0/48 HPs)
             Began as a Merfolk Air Elementalist on Aug 31, 2022.
             Splashed by a jelly's acid (8 damage)
             ... on level 4 of the Dungeon.
             The game lasted 00:06:28 (5794 turns).

SnakkuSnakku7 the Insei (Merfolk Air Elementalist)  Turns: 5794, Time: 00:06:29

Health: 0/48       AC: -1    Str: 11    XL:     6   Next: 41%
Magic:  9/9        EV:  9    Int: 14    God:
Gold:   145        SH:  0    Dex: 14    Spells: 8/9 levels left

rFire   . . .      SeeInvis .     - Unarmed
rCold   + + .      Faith    .   (no shield)
rNeg    . . .      Spirit   .   t - +1 scale mail {rC+}
rPois   .          Reflect  .   (no helmet)
rElec   .          Harm     .   (no cloak)
rCorr   .          Rampage  .   s - +2 pair of gloves
Will    .....                   o - +0 pair of boots
Stlth   +.........              (no amulet)
HPRegen 0.16/turn               j - ring of protection from cold
MPRegen 0.11/turn               (no ring)

@: about to teleport, corroded
A: (nimble swimmer 2), mertail
a: no special abilities


You were on level 4 of the Dungeon.
You visited 1 branch of the dungeon, and saw 4 of its levels.

You collected 145 gold pieces.

Inventory:

Armour
 a - a +0 robe
 h - a +0 chain mail
 o - a +0 pair of boots (worn)
 s - a +2 pair of gloves (worn)
 t - a +1 scale mail of cold resistance (worn)
Jewellery
 b - a ring of fire
 j - a ring of protection from cold (left hand)
 y - a ring of poison resistance
Wands
 x - a wand of acid (7)
Scrolls
 g - 2 scrolls of identify
 i - a scroll of enchant armour {unknown}
 l - a scroll of poison {unknown}
 q - a scroll of immolation {unknown}
 u - a scroll of fog {unknown}
 w - a scroll of fear {unknown}
Potions
 c - a potion of heal wounds
 d - 2 potions of mutation {unknown}
 e - a potion of attraction {unknown}
 f - 2 potions of invisibility {unknown}
 k - 2 potions of brilliance {unknown}
 m - 2 potions of curing
 n - 3 potions of flight {unknown}
 p - 2 potions of haste {unknown}
 r - 3 potions of lignification {unknown}


   Skills:
 - Level 4.0 Fighting
 - Level 2.6 Dodging
 - Level 2.1 Stealth
 + Level 5.2 Unarmed Combat
 - Level 2.0 Spellcasting
 - Level 0.7 Conjurations
 - Level 2.4 Air Magic


You had 8 spell levels left.
You knew the following spells:

 Your Spells              Type           Power      Damage    Failure   Level
a - Shock                 Conj/Air       20%        1d4       63%         1

Your spell library contained the following spells:

 Spells                   Type           Power      Damage    Failure   Level
 Static Discharge         Conj/Air       5%         3-4/arc   77%         2
 Summon Small Mammal      Summ           4%         N/A       83%         1
 Swiftness                Air            8%         N/A       86%         3
 Call Canine Familiar     Summ           1%         N/A       99%         3
 Frozen Ramparts          Ice            2%         1d1       99%         3
 Summon Guardian Golem    Hex/Summ       1%         N/A       99%         3
 Airstrike                Air            4%         2d(1-17)  99%         4
 Hailstorm                Conj/Ice       2%         3d3       100%        4
 Summon Ice Beast         Ice/Summ       1%         N/A       100%        4
 Lightning Bolt           Conj/Air       2%         1d14      100%        5
 Maxwell's Capacitive Co  Air            4%         ∞         100%        8
 Polar Vortex             Ice            0%         N/A       100%        9


Dungeon Overview and Level Annotations

Branches:
Dungeon (4/15)
 Temple: D:4-7

Altars:
Makhleb
Sif Muna
Uskayaw
Vehumet
Wu Jian


Innate Abilities, Weirdness & Mutations

((You are very nimble when in or above water. (Stealth+, EV+, Speed+++)))
Your lower body shifts to a powerful aquatic tail in water.


Message History

A jelly is nearby!
A jelly is nearby!
The jelly quivers.
You barely miss the jelly. The jelly hits you but does no damage.
You hit the jelly but do no damage. The acid corrodes you!
Your hands burn!
You hit the jelly but do no damage. The acid corrodes you!
Your hands burn!
The jelly hits you.
You are splashed with acid!
You hit the jelly. The acid corrodes you!
Your hands burn!
The jelly is moderately wounded.
The jelly hits you.
You are splashed with acid!
You hit the jelly but do no damage.
Your hands burn!
* * * LOW HITPOINT WARNING * * *
You punch the jelly, but do no damage.
The jelly is moderately wounded.
The jelly barely misses you.
You hit the jelly but do no damage.
Your hands burn!
* * * LOW HITPOINT WARNING * * *
The jelly is moderately wounded.
The jelly hits you.
* * * LOW HITPOINT WARNING * * *
You are splashed with acid!
* * * LOW HITPOINT WARNING * * *
Okay, then.
You feel much better. The jelly hits you. The acid corrodes you!
You are splashed with acid!
Okay, then.
As you read the scroll labelled FANUODDIMA, it crumbles to dust.
It is a scroll of identify.
m - 2 potions of curing The jelly barely misses you.
As you read the scroll labelled WIT DEUSMA, it crumbles to dust.
You feel strangely unstable.
It was a scroll of teleportation.
The jelly hits you. The acid corrodes you!
You are splashed with acid!
* * * LOW HITPOINT WARNING * * *
Unknown command.
The jelly attacks as you move away! The jelly barely misses you.
The jelly attacks as you move away! The jelly hits you.
* * * LOW HITPOINT WARNING * * *
You are splashed with acid!
You die...

##.#########
#.......J@.##############
..#....###..............#
#....#.
##..(...........## ##.#
#. #...#####.....(†.. #
#.#.###.####.####..##
.... #......# #..# ...
#.####.# #..# ..... ##
#.# #..# #.#. #.# #..##


You could see a jelly.

Vanquished Creatures
  A crimson imp (D:3)
  A jelly (D:4)
  3 orc priests (D:3)
  6 adders
  4 worms
  2 dart slugs
  12 orcs
  8 ball pythons
  4 endoplasms
  2 giant cockroaches
  8 goblins
  8 hobgoblins
  7 kobolds
  4 quokkas
  7 bats
  2 frilled lizards (D:3)
  A rat (D:1)
80 creatures vanquished.

Notes
Turn   | Place    | Note
-------+----------+-------------------------------------------
     0 | D:1      | SnakkuSnakku7 the Merfolk Air Elementalist began the quest
                  | for the Orb.
     0 | D:1      | Reached XP level 1. HP: 13/13 MP: 3/3
   158 | D:1      | Found a faded altar of an unknown god.
   380 | D:1      | Reached skill level 1 in Fighting
   380 | D:1      | Reached skill level 1 in Unarmed Combat
   427 | D:1      | Reached XP level 2. HP: 19/21 MP: 3/5
   626 | D:1      | HP: 1/21 [hobgoblin (5)]
  1380 | D:1      | Reached XP level 3. HP: 12/27 MP: 1/6
  1678 | D:1      | Reached skill level 2 in Unarmed Combat
  2845 | D:2      | Reached XP level 4. HP: 21/34 MP: 7/7
  3800 | D:3      | Reached skill level 3 in Unarmed Combat
  4319 | D:3      | Reached XP level 5. HP: 19/41 MP: 8/8
  4903 | D:3      | Reached skill level 4 in Unarmed Combat
  5018 | D:3      | Reached XP level 6. HP: 48/48 MP: 9/9
  5103 | D:3      | Found a shimmering blue altar of Sif Muna.
  5103 | D:3      | Found an ornate altar of the Wu Jian Council.
  5103 | D:3      | Found a hide-covered altar of Uskayaw.
  5358 | D:3      | Found a burning altar of Makhleb.
  5359 | D:3      | Found a radiant altar of Vehumet.
  5557 | D:4      | Identified the +8 spear "Hioniv" {freeze, rCorr}
  5591 | D:4      | Reached skill level 5 in Unarmed Combat
  5724 | D:4      | Got the Parchment of Hypothermia
  5788 | D:4      | HP: 2/48 [acid (7)]
  5794 | D:4      | Splashed by a jelly's acid

Illustrated notes

Levels and vault maps discovered:
D:1:      dpeg_arrival_shelter, layout_loops_cross,
          shapermc_ecumenical_altar_totnotflames
D:2:      layout_loops_ring, grunt_ministairs_11
D:3:      cheibrodos_pilgrimage, layout_loops_corners,
          grunt_temple_overflow_lords_of_destruction,
          gammafunk_temple_overflow_claw
D:4:      layout_loops_ring

Skill      XL: |  1  2  3  4  5  6 |
---------------+-------------------+-----
Fighting       | 1 2 3 4 |  4.0
Unarmed Combat | 1 2 3 4 5 |  5.2
Dodging        | |  2.6
Stealth        | |  2.1
Spellcasting   | |  2.0
Conjurations   | |  0.7
Air Magic      | |  2.4

Action                   |  1- 3 |  4- 6 || total
-------------------------+-------+-------++-------
Melee: Unarmed           |   225 |   269 ||   494
       Punch             |       |     8 ||     8
 Cast: Shock             |    16 |       ||    16
  Use: Potion            |     1 |     2 ||     3
       Scroll            |       |     2 ||     2
 Stab: Sleeping          |     2 |       ||     2
Armor: Robe              |    32 |       ||    32
       Chain mail        |    45 |    62 ||   107
       Scale mail        |       |    70 ||    70
Dodge: Dodged            |   108 |    65 ||   173
